 Dungeon Crawl Stone Soup version 0.30-a0-385-gfebfb9b408 (webtiles) character file.

Game seed: 16869712402179618575

4454 MTVSty1e the Cleaver (level 10, -6/94 HPs)
             Began as a Minotaur Fighter on Dec 2, 2022.
             Was a Believer of Okawaru.
             Mangled by a two-headed ogre
             ... wielding a +0 giant spiked club
              (17 damage)
             ... on level 8 of the Dungeon.
             The game lasted 00:09:10 (6757 turns).

MTVSty1e the Cleaver (Minotaur Fighter)             Turns: 6757, Time: 00:09:10

Health: -6/94      AC:  9    Str: 25    XL:     10   Next: 15%
Magic:  9/9        EV: 14    Int:  5    God:    Okawaru [**....]
Gold:   584        SH:  4    Dex: 10    Spells: 9/9 levels left

rFire   . . .      SeeInvis .    B - +0 war axe (freeze)
rCold   . . .      Faith    .    c - +0 buckler
rNeg    . . .      Spirit   .    l - +0 ring mail {Will+}
rPois   +          Reflect  .    u - +1 hat
rElec   .          Harm     .    F - +0 cloak
rCorr   .          Rampage  .    D - +0 pair of gloves
Will    +....                    (no boots)
Stlth   ..........               o - amulet of regeneration
HPRegen 1.15/turn                g - ring of poison resistance
MPRegen 0.11/turn                p - +4 ring of evasion

@: hasted, very quick
A: horns 2, retaliatory headbutt
a: Renounce Religion, Heroism


You were on level 8 of the Dungeon.
You worshipped Okawaru.
Okawaru was pleased with you.
You visited 2 branches of the dungeon, and saw 10 of its levels.
You also visited: Sewer.

You collected 584 gold pieces.

Inventory:

Hand Weapons
 a - a +1 war axe
 B - a +0 war axe of freezing (weapon)
Armour
 b - a +0 scale mail
 c - a +0 buckler (worn)
 l - a +0 ring mail of willpower (worn)
 u - a +1 hat (worn)
 D - a +0 pair of gloves (worn)
 F - a +0 cloak (worn)
Jewellery
 g - a ring of poison resistance (left hand)
 o - an amulet of regeneration (around neck)
 p - a +4 ring of evasion (right hand)
 C - a ring of willpower
Wands
 s - a wand of digging (5)
 A - a wand of charming (5)
 H - a wand of quicksilver (10)
Scrolls
 i - 4 scrolls of teleportation
 j - 2 scrolls of amnesia
 m - 3 scrolls of identify
 n - a scroll of magic mapping
 t - a scroll of fear
 y - 3 scrolls of enchant weapon
 E - a scroll of enchant armour {unknown}
Potions
 e - 5 potions of curing
 f - 2 potions of attraction {unknown}
 h - a potion of magic {unknown}
 k - 3 potions of heal wounds {unknown}
 q - 2 potions of degeneration {unknown}
 r - 2 potions of brilliance {unknown}
 v - 2 potions of mutation {unknown}
 w - a potion of invisibility {unknown}
 x - a potion of haste
 G - 3 potions of ambrosia {unknown}


   Skills:
 + Level 10.8 Fighting
 * Level 14.4 Axes
 - Level 3.6 Armour
 - Level 3.6 Shields


You had 9 spell levels left.
You didn't know any spells.
Your spell library contained the following spells:

 Spells                   Type           Power      Damage    Failure   Level
 Apportation              Tloc           0%         N/A       71%         1
 Necrotise                Necr           0%         1d4       71%         1
 Blink                    Tloc           0%         N/A       85%         2
 Ensorcelled Hibernation  Hex/Ice        0%         N/A       85%         2
 Passwall                 Tmut/Erth      0%         N/A       85%         2
 Hailstorm                Conj/Ice       0%         3d3       97%         3
 Ozocubu's Armour         Ice            0%         N/A       97%         3
 Swiftness                Air            0%         N/A       97%         3
 Ice Form                 Ice/Tmut       0%         N/A       100%        4
 Manifold Assault         Tloc           0%         N/A       100%        4
 Passage of Golubria      Tloc           0%         N/A       100%        4
 Metabolic Englaciation   Hex/Ice        0%         N/A       100%        5
 Yara's Violent Unravell  Hex/Tmut       0%         3d3       100%        5
 Storm Form               Tmut/Air       0%         N/A       100%        7
 Summon Small Mammal      Summ           Unusable   N/A       N/A         1
 Call Canine Familiar     Summ           Unusable   N/A       N/A         3
 Summon Guardian Golem    Hex/Summ       Unusable   N/A       N/A         3
 Tukima's Dance           Hex            Unusable   N/A       N/A         3
 Simulacrum               Ice/Necr       Unusable   N/A       N/A         6

Dungeon Overview and Level Annotations

Branches:
Dungeon (9/15)             Temple (1/1) D:7            Lair (0/5) D:9
  Sewer (visited)
    Orc: D:9-12

Altars:
Ashenzari
Cheibriados
Dithmenos
Elyvilon
Fedhas
Gozag
Hepliaklqana
Kikubaaqudgha
Makhleb
Nemelex Xobeh
Okawaru
Qazlal
Ru
Sif Muna
Trog
Uskayaw
Vehumet
Wu Jian
Xom
Yredelemnul
Zin
The Shining One


Innate Abilities, Weirdness & Mutations

You have a pair of horns on your head.
You reflexively headbutt those who attack you in melee.


Message History

The howler monkey hits you but does no damage.
The deep elf pyromancer gestures at you while chanting.
The bolt of fire hits you!!
You feel very mighty all of a sudden.
The centaur shoots an arrow.
The arrow hits you. You block the howler monkey's attack.
The centaur shoots an arrow.
You block the arrow.
You closely miss the howler monkey. You headbutt the howler monkey!
You kill the howler monkey!
Okawaru accepts your kill.
The deep elf pyromancer points at you and mumbles some strange words.
The bolt of fire hits you!!
A manticore comes into view.
You are too injured to fight recklessly!
You are too injured to fight recklessly!
You closely miss the two-headed ogre.
The two-headed ogre hits you with a +0 giant spiked club.
The two-headed ogre closely misses you.
You barely miss the two-headed ogre. You headbutt the two-headed ogre!
The two-headed ogre is moderately wounded.
The centaur shoots an arrow.
The arrow hits you!
* * * LOW HITPOINT WARNING * * *
A centaur comes into view.
The centaur shoots an arrow.
The arrow hits you.
* * * LOW HITPOINT WARNING * * *
There is an escape hatch in the ceiling here.
The centaur shoots an arrow.
The arrow hits you.
* * * LOW HITPOINT WARNING * * *
The two-headed ogre hits you with a +0 giant spiked club.
* * * LOW HITPOINT WARNING * * *
The two-headed ogre hits you with a +0 dire flail!
* * * LOW HITPOINT WARNING * * *
A mysterious force pulls you upwards. The hatch slams shut behind you.
It was a potion of cancellation.
Your magical effects are unravelling.
You feel magically purged.
You feel a little less mighty now.
You feel yourself speed up.
The two-headed ogre hits you with a +0 giant spiked club!
You die...

#...# #.#####.).....####
###.###.......#######
####
#....#......##########...
####.>)..................
#.............#####...
#.............# #...
###.#...........# ####
#.......O.......#
#......@........#
#...............#
#...<###################
#....# #........ #....#
####........ #.|..#
#.()........ ######
#....####### #....#
######


You could see a two-headed ogre.

Vanquished Creatures
  Pikel (D:7)
  Sigmund (D:2)
  A wyvern (D:8)
  A steam dragon (D:9)
  Menkaure (D:7)
  3 water moccasins
  An ice beast (D:8)
  A black bear (D:5)
  An orc warrior (D:7)
  3 centaurs
  A phantom (D:5)
  3 kobold brigands
  3 scorpions
  3 bullfrogs
  A water moccasin zombie (D:5)
  A necrophage (D:5)
  12 wights
  4 killer bees (D:9)
  A water moccasin skeleton (D:5)
  An electric eel (D:7)
  6 howler monkeys
  2 bullfrog zombies (D:5)
  2 hounds (D:6)
  A bullfrog skeleton (D:5)
  A gnoll bouda (D:7)
  2 jellies
  4 iguanas
  3 orc wizards
  A hound zombie (D:5)
  7 gnolls
  15 adders
  2 shadow imps (D:7)
  2 white imps
  2 ufetubi
  A worm (D:4)
  A dart slug (D:5)
  14 orcs
  6 endoplasms
  7 giant cockroaches
  2 goblins
  9 hobgoblins
  9 jackals
  5 quokkas
  9 ball pythons
  8 bats
  6 frilled lizards
  20 kobolds
  13 rats
204 creatures vanquished.

Vanquished Creatures (others)
  4 plants (Sewer)
  A withered plant (D:5)
5 creatures vanquished.

Grand Total: 209 creatures vanquished

Notes
Turn   | Place    | Note
-------+----------+-------------------------------------------
     0 | D:1      | MTVSty1e the Minotaur Fighter began the quest for the Orb.
     0 | D:1      | Reached XP level 1. HP: 19/19 MP: 0/0
   233 | D:1      | Reached skill level 3 in Axes
   235 | D:1      | Reached XP level 2. HP: 27/27 MP: 1/1
   967 | D:2      | Reached XP level 3. HP: 33/33 MP: 2/2
  1047 | D:2      | Reached skill level 4 in Axes
  1097 | D:2      | Noticed Sigmund
  1109 | D:2      | Killed Sigmund
  1110 | D:2      | Reached skill level 5 in Fighting
  1110 | D:2      | Reached skill level 5 in Axes
  1110 | D:2      | Reached XP level 4. HP: 21/42 MP: 3/3
  1110 | D:2      | Reached XP level 5. HP: 25/48 MP: 4/4
  1178 | D:2      | Reached skill level 6 in Axes
  2652 | D:4      | Reached XP level 6. HP: 56/56 MP: 5/5
  2812 | D:4      | Found a broken altar of Ashenzari.
  3042 | D:4      | Reached skill level 7 in Axes
  3276 | D:5      | Entered Level 5 of the Dungeon
  3314 | D:5      | Reached XP level 7. HP: 42/63 MP: 6/6
  3320 | D:5      | Reached skill level 8 in Axes
  3508 | D:5      | Reached skill level 9 in Axes
  3594 | D:5      | Found a glowing drain.
  3602 | Sewer    | Entered a sewer
  3717 | Sewer    | Reached XP level 8. HP: 47/73 MP: 7/7
  4158 | D:6      | Found a hide-covered altar of Uskayaw.
  4178 | D:6      | Reached skill level 10 in Axes
  4328 | D:6      | Found a shadowy altar of Dithmenos.
  4447 | D:6      | Identified the +1 robe of Donas {Harm Dex+4}
  4574 | D:6      | Found a basalt altar of Yredelemnul.
  4574 | D:6      | Found a hazy altar of Hepliaklqana.
  4641 | D:7      | Reached skill level 11 in Axes
  4898 | D:7      | Found a staircase to the Ecumenical Temple.
  4918 | D:7      | Found a shimmering blue altar of Sif Muna.
  4938 | Temple   | Entered the Ecumenical Temple
  5026 | Temple   | Became a worshipper of Warmaster Okawaru
  5065 | D:7      | Noticed Menkaure
  5207 | D:7      | Reached XP level 9. HP: 81/82 MP: 8/8
  5262 | D:7      | Reached skill level 12 in Axes
  5567 | D:7      | Killed Menkaure
  5738 | D:7      | Noticed Pikel
  5752 | D:7      | Killed Pikel
  5752 | D:7      | Reached * piety under Okawaru
  5753 | D:7      | Reached skill level 13 in Axes
  6012 | D:8      | Reached skill level 10 in Fighting
  6061 | D:8      | Reached ** piety under Okawaru
  6233 | D:8      | Reached skill level 14 in Axes
  6235 | D:8      | Reached XP level 10. HP: 87/94 MP: 9/9
  6619 | D:9      | Found a staircase to the Lair.
  6746 | D:9      | Noticed a two-headed ogre
  6747 | D:9      | Noticed a deep elf pyromancer
  6750 | D:9      | Noticed a manticore
  6757 | D:8      | Mangled by a two-headed ogre

Illustrated notes

Levels and vault maps discovered:
D:1:      eino_arrival_cavern_d, layout_loops_corners, minmay_box_of_dots
D:2:      layout_basic, uniq_sigmund
D:3:      layout_loops_corners, grunt_decor_clamped
D:4:      layout_loops_ring, evilmike_ruin_ashenzari, minmay_close_crescents
D:5:      layout_cave_pools, serial_undead, serial_undead_a, serial_undead_f,
          serial_undead_f, serial_undead_d, portal_sewer_entry_b,
          nicolae_figureground_pulse
D:6:      layout_rooms, mainiacjoe_overflow_concentric_impassable,
          nicolae_dithmenos_through_a_glass_darkly,
          gammafunk_temple_overflow_elements
D:7:      layout_loops_cross, mainiacjoe_overflow_cross_hatched,
          minmay_temple_entry_enclosed_plants, eino_tiny_chamber,
          kennysheep_big_empty_room, uniq_pikel, uniq_menkaure
D:8:      layout_basic, nrook_mini_backslash
D:9:      layout_gridville, lair_entry_dummy, minmay_statues_item, minmay_bent
Temple:   lightli_temple_of_artemis

Skill      XL: |  1  2  3  4  5  6  7  8  9 |
---------------+----------------------------+-----
Axes           | 3 5 6 7 9 11 14 | 14.4
Fighting       | 4 5 6 7 8 10 | 10.8
Armour         | |  3.6
Shields        | |  3.6

Action                   |  1- 3 |  4- 6 |  7- 9 | 10-12 || total
-------------------------+-------+-------+-------+-------++-------
Melee: War axe           |    58 |   103 |   262 |    24 ||   447
       Headbutt          |       |     8 |    47 |     5 ||    60
  Use: Potion            |     1 |       |     2 |     3 ||     6
       Scroll            |       |     3 |     9 |       ||    12
Armor: Scale mail        |    13 |       |       |       ||    13
       Ring mail         |     4 |    28 |    63 |    11 ||   106
Dodge: Dodged            |    33 |    56 |   154 |    12 ||   255
Block: Buckler           |    11 |    24 |    55 |    11 ||   101

Table legend: (Time is in decaauts)
 A = Elapsed time spent in this place.
 B = Non-inter-level travel time spent in this place.
 C = Inter-level travel time spent in this place.
 D = Time resting spent in this place.
 E = Time spent auto-exploring this place.
 F = Levels seen in this place.
 G = Mean time per level.
                   A        B        C        D        E       F      G
               +--------+--------+--------+--------+--------+-----+--------+
         Total |   6800 |   6629 |    171 |    481 |   5015 |  11 |  618.2 |
       Dungeon |   6459 |   6305 |    154 |    475 |   4795 |   9 |  717.7 |
        Temple |    107 |     90 |     17 |      0 |     78 |   1 |  107.0 |
         Sewer |    233 |    233 |      0 |      6 |    142 |   1 |  233.0 |
               +--------+--------+--------+--------+--------+-----+--------+

Top non-repeatable levels by time:
     D:7: 1167 daAuts
     D:3: 936 daAuts
     D:2: 849 daAuts
     D:1: 831 daAuts
     D:4: 697 daAuts
     D:5: 680 daAuts
     D:8: 587 daAuts
     D:6: 549 daAuts
   Sewer: 233 daAuts
     D:9: 159 daAuts
  Temple: 107 daAuts
